 Dungeon Crawl Stone Soup version 0.13.1-17-g0f9d4ff (webtiles) character file.

1552 Chiseanne the Ducker (level 8, -5/75 HPs)
             Began as a Troll Hunter on Dec 16, 2013.
             Slain by an orc warrior
             ... wielding a +0,+0 orcish halberd
              (16 damage)
             ... on Level 5 of the Dungeon.
             The game lasted 00:20:46 (5687 turns).

Chiseanne the Ducker (Troll Hunter)                 Turns: 5687, Time: 00:20:46

HP  -5/75        AC 11     Str 21      XL: 8   Next: 27%
MP   2/2         EV 11     Int  7      God:
Gold 293         SH  0     Dex  8 (12) Spells:  1 memorised,  6 levels left

Res.Fire  : . . .   See Invis. : .   L - +5,+4 quarterstaff (chaos)
Res.Cold  : . . .   Warding    : .   O - +2 orc robe {MR+}
Life Prot.: . . .   Conserve   : .   (shield restricted)
Res.Poison: .       Res.Corr.  : .   (helmet restricted)
Res.Elec. : .       Clarity    : .   M - +1 cloak
Sust.Abil.: . .     Spirit.Shd : .   (gloves unavailable)
Res.Mut.  : .       Stasis     : .   (boots unavailable)
Res.Rott. : .       Flight     : +   (no amulet)
Gourmand  : +                        (no ring)
                                     H - cursed +2 ring of protection

@: flying, very slightly contaminated, hasted, very quick, somewhat resistant to
hostile enchantments, unstealthy
A: unfitting armour, claws 3, fast metabolism 3, gourmand, regeneration 2,
saprovore 2, tough skin 2, AC +1
a: no special abilities


You were on level 5 of the Dungeon.
You were very full.

You visited 1 branch of the dungeon, and saw 6 of its levels.

You collected 273 gold pieces.

Inventory:

Hand weapons
 e - a +4,+1 elven spear
 v - a +2,+2 spear of dragon slaying
 z - a +0,+1 orcish flail
 A - a cursed -3,+0 orcish short sword
 B - a -1,+2 orcish spear of returning
 C - a -1,+2 orcish spear of returning
 D - a -1,+2 orcish spear of returning
 E - a -1,+2 orcish spear of returning
 G - a +0 orcish blowgun
 L - a +5,+4 quarterstaff of chaos (weapon)
Missiles
 b - 5 large rocks (quivered)
 c - a throwing net
 F - 39 poisoned needles
Armour
 M - a +1 cloak (worn)
 O - a +2 orcish robe of magic resistance (worn)
Magical devices
 k - a wand of flame (0)
 Q - a wand of polymorph (11) {unknown}
Comestibles
 a - 6 meat rations
 g - 2 pears
 j - 5 bread rations
 p - an apple
 r - a lychee
 t - a banana
 R - a cheese
Scrolls
 h - 5 scrolls of teleportation {unknown}
 o - 2 scrolls of remove curse {unknown}
 q - a scroll of enchant armour
 u - a scroll of recharging {unknown}
 y - a scroll of fog {unknown}
 K - 4 scrolls of identify
 P - 2 scrolls of curse jewellery {unknown}
Jewellery
 H - a cursed +2 ring of protection (left claw)
Potions
 i - a potion of flight
 l - a potion of mutation {unknown}
 n - a potion of poison {unknown}
 s - a potion of speed
 w - a potion of slowing {unknown}
 x - a potion of invisibility {unknown}
 I - a potion of curing {unknown}
 J - a potion of might {unknown}
 N - a potion of restore abilities {unknown}
Books
 f - a book of Maledictions

   Spells                             Type                      Level
   *Corona                            Hexes                        1
   Sure Blade                         Hexes/Charms                 2
   Ensorcelled Hibernation            Hexes/Ice                    2
   Confuse                            Hexes                        3
   Enslavement                        Hexes                        4
   Invisibility                       Hexes                        6
 S - a book of Summonings

   Spells                             Type                      Level
   Abjuration                         Summoning                    3
   Recall                             Summoning/Translocation      3
   Summon Elemental                   Summoning                    4
   Shadow Creatures                   Summoning                    5
   Summon Demon                       Summoning                    5
   Summon Ugly Thing                  Summoning                    6


   Skills:
 * Level 3.1 Fighting
 - Level 2.1 Polearms
 * Level 2.2 Staves
 * Level 5.3 Throwing
 * Level 6.4 Dodging
 - Level 0.4 Stealth
 - Level 1.0 Unarmed Combat


You had 6 spell levels left.
You knew the following spells:

 Your Spells              Type           Power        Failure   Level  Hunger
a - Corona                Hex            #......      47%         1    ##.....


Dungeon Overview and Level Annotations

Branches:
Dungeon (6/27)
 Temple: D:4-7          Orc: D:6-11

Altars:
Makhleb


Innate Abilities, Weirdness & Mutations

You are too large for most types of armour.
You have claws for hands.
Your metabolism is lightning-fast.
You like to eat raw meat.
You heal very quickly.
You can eat rotten meat.
You are covered in fur (AC +1).
You have very tough skin (AC +2).


Message History

Read which item? (? for menu, Esc to quit)
As you read the scroll of enchant weapon I, it crumbles to dust.
Your uncursed quarterstaff of chaos glows green for a moment.
The orc warrior completely misses you.
You hit the orc warrior.
The orc warrior is lightly wounded.
The orc warrior hits you with an orcish halberd!
* * * LOW HITPOINT WARNING * * *
Wield which item (- for none, * to show all)? (? for menu, Esc to quit)
Okay, then.
Drink which item? (? for menu, Esc to quit)
You feel very buoyant.
You fly up into the air.
It was a potion of flight.
The orc warrior hits you with an orcish halberd!
* * * LOW HITPOINT WARNING * * *
Drink which item? (? for menu, Esc to quit)
You feel yourself speed up.
It was a potion of speed.
You are very lightly contaminated with residual magic.
The orc warrior hits you with an orcish halberd!
You die...

.................................
..#.##########....####........#.#
..............................#.#
#.#...........................#[#
#.#............##.####........#.#
#.#...........................#.#
.................(............#.#
.................o...............
#.#.............@>...............
#.#...........#.).#######.#####.#
#.#...........##### #.# #..
#.#.#######.### #.# #..
....#######.#############.#####..
.................................
............############...##....
...........................##....
..)########.############...##....


You could see an orc warrior.

Vanquished Creatures
  Eustachio (D:5)
  A hungry ghost (D:4)
  A phantom (D:4)
  An ogre (D:5)
  Blork the orc (D:4)
  A crimson imp (D:5)
  Crazy Yiuf (D:4)
  A quasit (D:5)
  5 hounds
  3 orc wizards
  An iguana (D:5)
  3 worker ants
  5 scorpions
  An ogre zombie (D:5)
  A hound skeleton (D:5)
  5 adders
  2 green rats (D:5)
  3 gnolls (D:3)
  An inept item mimic (D:4)
  3 worms
  3 grey rats (D:5)
  3 giant geckos (D:1)
  19 orcs
  13 hobgoblins
  4 jackals (D:3)
  8 kobolds
  2 quokkas
  8 bats
  3 giant cockroaches
  6 giant newts
  13 goblins
  A goblin skeleton (D:5)
  14 rats
  5 plants (D:1)
143 creatures vanquished.

Notes
Turn   | Place    | Note
--------------------------------------------------------------
     0 | D:1      | Chiseanne, the Troll Hunter, began the quest for the Orb.
     0 | D:1      | Reached XP level 1. HP: 20/20 MP: 0/0
   141 | D:1      | Reached skill level 4 in Throwing
   141 | D:1      | Reached XP level 2. HP: 28/28 MP: 0/0
  1227 | D:2      | Reached XP level 3. HP: 20/35 MP: 1/1
  1912 | D:2      | Reached skill level 1 in Polearms
  1912 | D:2      | Reached XP level 4. HP: 37/42 MP: 1/1
  2545 | D:3      | Reached XP level 5. HP: 36/50 MP: 1/1
  2701 | D:3      | Found a burning altar of Makhleb.
  3892 | D:4      | Reached XP level 6. HP: 53/58 MP: 2/2
  4123 | D:4      | Noticed Crazy Yiuf
  4133 | D:4      | Killed Crazy Yiuf
  4234 | D:4      | Noticed a hungry ghost
  4243 | D:4      | Killed a hungry ghost
  4243 | D:4      | Reached skill level 1 in Staves
  4272 | D:4      | Noticed Blork the orc
  4289 | D:4      | Killed Blork the orc
  4289 | D:4      | Reached XP level 7. HP: 53/66 MP: 2/2
  4467 | D:4      | Learned a level 1 spell: Corona
  4539 | D:4      | Reached skill level 5 in Throwing
  4626 | D:4      | Reached skill level 5 in Dodging
  4840 | D:5      | Entered Level 5 of the Dungeon
  4853 | D:5      | Noticed Eustachio
  4950 | D:5      | Killed Eustachio
  5118 | D:5      | Reached XP level 8. HP: 70/75 MP: 2/2
  5187 | D:5      | Reached skill level 6 in Dodging
  5687 | D:5      | Slain by an orc warrior

Action                   |  1- 3 |  4- 6 |  7- 9 || total
-------------------------+-------+-------+-------++-------
Melee: Spear             |   460 |   177 |       ||   637
       Quarterstaff      |       |       |   160 ||   160
 Fire: Blowgun           |       |     4 |     1 ||     5
Throw: Large rock        |       |    37 |    18 ||    55
       Throwing net      |       |     2 |       ||     2
       Spear             |       |     3 |    15 ||    18
  Use: Scroll            |       |       |     8 ||     8
       Potion            |       |       |     2 ||     2
